 Dungeon Crawl Stone Soup version 0.22.1-2-g9c5b331 (webtiles) character file.

1980 Tr0llz0r the Cleaver (level 9, -1/74 HPs)
             Began as a Hill Orc Fighter on Dec 18, 2018.
             Was an Initiate of Vehumet.
             Slain by an orc warrior
             ... wielding a +1 dire flail of protection
              (9 damage)
             ... on level 7 of the Dungeon.
             The game lasted 00:29:16 (6466 turns).

Tr0llz0r the Cleaver (Hill Orc Fighter)             Turns: 6466, Time: 00:29:17

Health: -1/74      AC: 17    Str: 18      XL:     9   Next: 20%
Magic:  9/9        EV:  6    Int:  8      God:    Vehumet [......]
Gold:   178        SH: 11    Dex:  9 (10) Spells: 8/8 levels left

rFire    . . .     SeeInvis .   a - +1 war axe
rCold    . . .     Gourm    .   c - +1 shield
rNeg     . . .     Faith    .   x - +0 chain mail
rPois    .         Spirit   .   v - +2 helmet
rElec    .         Reflect  .   A - +0 cloak
rCorr    .         Harm     .   y - +0 pair of gloves
MR       .....                  (no boots)
Stlth    ..........             (no amulet)
HPRegen  0.22/turn              R - +2 ring of protection
MPRegen  0.11/turn              L - -4 ring of strength (curse)

@: no status effects
A: no striking features
a: Renounce Religion


You were on level 7 of the Dungeon.
You worshipped Vehumet.
Vehumet was noncommittal.
You were not hungry.

You visited 2 branches of the dungeon, and saw 8 of its levels.

You collected 178 gold pieces.

Inventory:

Hand Weapons
 a - a +1 war axe (weapon)
 b - a +0 quarterstaff
 i - a +0 spear
 n - a +0 mace
 o - a cursed -1 short sword
 s - a +0 falchion
 t - a +0 hunting sling
 u - a +0 dagger of speed
 z - a +0 whip
 C - a cursed -3 giant spiked club
 E - a +1 hand axe of chopping
 F - the +8 dagger "Kiuzom" {pierce, +Inv rC+ MR++ Stlth-, unknown}
   (You took it off an orc wizard on level 4 of the Dungeon)

   It inflicts extra damage upon your enemies.
   It protects you from cold.
   It affects your resistance to hostile enchantments.
   It lets you turn invisible.
   It makes you less stealthy.
 G - a +0 trident
 N - a +0 arbalest
Missiles
 e - 49 bolts
 h - 95 arrows
 j - 24 poisoned needles
 k - 38 sling bullets
 m - 3 throwing nets
 r - 106 stones (quivered)
 D - 11 tomahawks
Armour
 c - a +1 shield (worn)
 v - a +2 helmet (worn)
 x - a +0 chain mail (worn)
 y - a +0 pair of gloves (worn)
 A - a +0 cloak (worn)
Jewellery
 I - a +3 ring of dexterity
 L - a cursed -4 ring of strength (right hand)
 O - a +2 ring of slaying
 R - a +2 ring of protection (left hand)
Wands
 l - a wand of flame (76)
 K - a wand of random effects (26)
Scrolls
 d - a scroll of fog
 g - a scroll of identify
 p - a scroll of teleportation
 q - a scroll of fear
 w - 3 scrolls of enchant armour
 B - a scroll of enchant weapon
 H - a scroll of amnesia
 M - 3 scrolls of blinking {unknown}
 P - a scroll of immolation {unknown}
 Q - a scroll of magic mapping
Potions
 J - a potion of cancellation
Comestibles
 f - a ration


   Skills:
 + Level 5.4 Fighting
 + Level 10.3 Axes
 + Level 2.1 Throwing
 + Level 5.9 Armour
 + Level 1.9 Dodging
 + Level 1.5 Stealth
 + Level 6.6 Shields
 + Level 0.4 Evocations


You had 8 spell levels left.
You didn't know any spells.
Your spell library was empty.

Dungeon Overview and Level Annotations

Branches:
Dungeon (7/15)             Temple (1/1) D:6

Altars:
Ashenzari
Cheibriados
Elyvilon
Fedhas
Gozag
Hepliaklqana
Kikubaaqudgha
Makhleb
Nemelex Xobeh
Okawaru
Qazlal
Ru
Sif Muna
Trog
Uskayaw
Vehumet
Xom
Zin
The Shining One


Message History

The orc warrior hits you with a dire flail of protection!
* * * LOW HITPOINT WARNING * * *
The orc priest mumbles some strange prayers to Beogh against you.
Pain shoots through your body!
* * * LOW HITPOINT WARNING * * *
Okay, then.
The orc priest shouts, "Beogh is our master!
Accept the truth or die!"
You hit the orc priest.
You kill the orc priest!
Vehumet accepts your kill.
You hit the orc warrior but do no damage.
The orc warrior hits you with a dire flail of protection.
* * * LOW HITPOINT WARNING * * *
You block the orc warrior's attack.
You closely miss the orc warrior.
The orc warrior hits you with a dire flail of protection!
* * * LOW HITPOINT WARNING * * *
You closely miss the orc warrior.
The orc warrior hits you with a dire flail of protection!
You die...

#..?# #.... ###
#.#.# #####.#
#...#.#.# .<...
#...#.#.##..#####
###...#...#<.......
.......).$....#####
.......)o.....+
$.......@.....#
..............#
..............#
..............#
..............#
.<...!........#
..............#
.........######


You could see an orc warrior.

Vanquished Creatures
  Prince Ribbit (D:6)
  A phantom (D:5)
  A sky beast (D:5)
  3 ogres
  Blork the orc (D:5)
  2 bullfrogs
  A scorpion (D:5)
  3 howler monkeys
  2 crimson imps (D:5)
  A bullfrog zombie (D:5)
  A quasit (D:6)
  A jelly (D:5)
  3 orc priests
  8 orc wizards
  A bullfrog skeleton (D:5)
  An iguana (D:5)
  6 worker ants
  2 hound skeletons
  Robin (D:2)
  7 gnolls
  7 adders
  2 oozes
  3 worms
  3 dart slugs
  A leopard gecko (D:4)
  24 orcs
  5 giant cockroaches
  9 goblins
  12 hobgoblins
  2 jackals (D:3)
  7 kobolds
  4 quokkas
  4 bats
  4 frilled lizards
  A jackal skeleton (D:4)
  12 rats
  A bush (D:3)
  4 plants (D:1)
152 creatures vanquished.

Notes
Turn   | Place    | Note
-------+----------+-------------------------------------------
     0 | D:1      | Tr0llz0r the Hill Orc Fighter began the quest for the Orb.
     0 | D:1      | Reached XP level 1. HP: 19/19 MP: 1/1
   206 | D:1      | Reached XP level 2. HP: 22/27 MP: 2/2
   231 | D:1      | Reached skill level 3 in Axes
   812 | D:2      | Reached XP level 3. HP: 33/33 MP: 3/3
  1166 | D:2      | Reached skill level 4 in Axes
  1185 | D:2      | Noticed Robin
  1198 | D:2      | Reached XP level 4. HP: 25/40 MP: 4/4
  1212 | D:2      | Killed Robin
  1902 | D:3      | Found a shattered altar of Ashenzari.
  2053 | D:3      | Reached skill level 5 in Axes
  2053 | D:3      | Reached XP level 5. HP: 36/46 MP: 5/5
  2233 | D:3      | Found a sparkling altar of Nemelex Xobeh.
  2244 | D:3      | Found a white marble altar of Elyvilon.
  2244 | D:3      | Found a hide-covered altar of Uskayaw.
  2869 | D:3      | Reached skill level 1 in Stealth
  2982 | D:4      | Noticed an ogre
  2987 | D:4      | Reached XP level 6. HP: 35/52 MP: 6/6
  2995 | D:4      | HP: 1/52 [ogre/giant spiked club (8)]
  2996 | D:4      | Reached skill level 6 in Axes
  3073 | D:4      | Reached skill level 1 in Dodging
  3198 | D:4      | Reached skill level 5 in Shields
  3198 | D:4      | Reached XP level 7. HP: 39/59 MP: 7/7
  3358 | D:4      | Got a warped dagger {pierce}
  3880 | D:4      | Found a snail-covered altar of Cheibriados.
  4021 | D:5      | Entered Level 5 of the Dungeon
  4021 | D:5      | Noticed Blork the orc
  4025 | D:5      | Reached skill level 7 in Axes
  4038 | D:5      | Killed Blork the orc
  4070 | D:5      | Reached skill level 8 in Axes
  4070 | D:5      | Reached XP level 8. HP: 20/67 MP: 8/8
  4508 | D:5      | Found a glowing silver altar of Zin.
  4596 | D:5      | Reached skill level 5 in Fighting
  4596 | D:5      | Reached skill level 9 in Axes
  4596 | D:5      | Reached skill level 5 in Armour
  4674 | D:5      | Found a glowing golden altar of the Shining One.
  4795 | D:5      | Found a deep blue altar of Sif Muna.
  5424 | D:6      | Reached skill level 1 in Throwing
  5439 | D:6      | Noticed Prince Ribbit
  5446 | D:6      | Killed Prince Ribbit
  5446 | D:6      | Reached skill level 10 in Axes
  5446 | D:6      | Reached XP level 9. HP: 42/74 MP: 9/9
  5635 | D:6      | Found a staircase to the Ecumenical Temple.
  6130 | Temple   | Entered the Ecumenical Temple
  6417 | Temple   | Became a worshipper of Vehumet
  6466 | D:7      | Slain by an orc warrior

Skill      XL: |  1  2  3  4  5  6  7  8  9 |
---------------+----------------------------+-----
Axes           | 3 4 5 6 8 10 | 10.3
Shields        | 4 5 6 |  6.6
Stealth        | 1 |  1.5
Fighting       | 4 5 |  5.4
Armour         | 4 5 |  5.9
Dodging        | 1 |  1.9
Throwing       | 1 2 |  2.1
Evocations     | |  0.4

Action                   |  1- 3 |  4- 6 |  7- 9 || total
-------------------------+-------+-------+-------++-------
Melee: War axe           |   165 |   195 |   257 ||   617
Throw: Stone             |       |     4 |    77 ||    81
Evoke: Wand              |       |       |     2 ||     2
  Use: Scroll            |       |     9 |     6 ||    15
       Potion            |       |     8 |     2 ||    10
 Stab: Invisible         |       |     1 |       ||     1
  Eat: Ration            |       |     3 |     3 ||     6
Armor: Scale mail        |    76 |     7 |       ||    83
       Chain mail        |       |    99 |   144 ||   243
       Skin              |       |       |     2 ||     2
Dodge: Dodged            |    44 |    45 |    49 ||   138
Block: Shield            |    80 |   108 |   155 ||   343
